 Dungeon Crawl Stone Soup version 0.25-a0-338-ge4dd1522aa (webtiles) character file.

Game seed: 4759799824341786330, levelgen mode: deterministic

5320 MoonlitKnight the Magician (level 10, -4/79 HPs)
             Began as a Gnoll Skald on Dec 26, 2019.
             Was a Believer of Okawaru.
             Slain by a wolf (8 damage)
             ... on level 9 of the Dungeon on Dec 28, 2019.
             The game lasted 00:59:06 (9350 turns).

MoonlitKnight the Magician (Gnoll Skald)            Turns: 9350, Time: 00:59:06

Health: -4/79      AC: 13    Str: 14    XL:     10   Next: 64%
Magic:  13/21      EV: 13    Int: 17    God:    Okawaru [**....]
Gold:   318        SH:  0    Dex: 16    Spells: 12/23 levels left

rFire    . . .     SeeInvis .   a - +2 spear (venom)
rCold    . . .     Gourm    .   (no shield)
rNeg     . . .     Faith    .   E - +0 scale mail
rPois    .         Spirit   .   g - +2 helmet
rElec    .         Reflect  .   (no cloak)
rCorr    .         Harm     .   f - +0 pair of gloves
MR       .....                  u - +0 pair of boots
Stlth    ++........             (no amulet)
HPRegen  1.23/turn              s - ring of flight
MPRegen  0.17/turn              (no ring)

@: regenerating
A: distributed training, fangs 1, strong nose
a: Heroism, Renounce Religion, Evoke Flight


You were on level 9 of the Dungeon.
You worshipped Okawaru.
Okawaru was pleased with you.
You were not hungry.

You visited 2 branches of the dungeon, and saw 10 of its levels.

You collected 318 gold pieces.

Inventory:

Hand Weapons
 a - a +2 spear of venom (weapon)
 b - a +0 hunting sling
 A - a +2 battleaxe of venom
 B - a +4 mace of crushing
Missiles
 j - 122 sling bullets
 r - 42 poisoned darts (quivered)
Armour
 f - a +0 pair of gloves (worn)
 g - a +2 helmet (worn)
 u - a +0 pair of boots (worn)
 E - a +0 scale mail (worn)
Jewellery
 s - a ring of flight (left hand)
Wands
 w - a wand of polymorph (11)
 y - a wand of iceblast (10)
 F - a wand of flame (4)
Scrolls
 h - 3 scrolls of remove curse
 k - a scroll of enchant weapon
 l - 2 scrolls of teleportation
 m - a scroll of random uselessness {unknown}
 o - a scroll of amnesia {unknown}
 t - a scroll of identify
 x - a scroll of magic mapping {unknown}
 z - 4 scrolls of enchant armour
 C - a scroll of immolation {unknown}
 D - a scroll of summoning {unknown}
Potions
 c - 6 potions of curing
 e - 5 potions of flight
 i - 2 potions of lignification
 p - 2 potions of brilliance
 q - 2 potions of heal wounds
 v - 2 potions of agility
Comestibles
 d - 3 rations
 n - 13 chunks of flesh


   Skills:
 + Level 7.1 Fighting
 + Level 5.3 Short Blades
 + Level 5.3 Long Blades
 + Level 5.3 Axes
 + Level 5.3 Maces & Flails
 + Level 7.1 Polearms
 + Level 5.3 Staves
 + Level 5.3 Slings
 + Level 5.3 Bows
 + Level 5.3 Crossbows
 + Level 5.3 Throwing
 + Level 6.0 Armour
 + Level 7.1 Dodging
 + Level 5.3 Stealth
 + Level 5.3 Shields
 + Level 5.3 Unarmed Combat
 + Level 7.4 Spellcasting
 + Level 4.4 Conjurations
 + Level 4.4 Hexes
 + Level 7.1 Charms
 + Level 4.4 Summonings
 + Level 4.4 Necromancy
 + Level 4.4 Translocations
 + Level 4.4 Transmutations
 + Level 4.4 Fire Magic
 + Level 4.4 Ice Magic
 + Level 4.4 Air Magic
 + Level 4.4 Earth Magic
 + Level 4.4 Poison Magic
 + Level 5.9 Invocations
 + Level 5.3 Evocations


You had 12 spell levels left.
You knew the following spells:

 Your Spells              Type           Power        Failure   Level  Hunger
a - Spectral Weapon       Hex/Chrm       ####....     12%         3    ##.....
b - Shroud of Golubria    Chrm/Tloc      ####..       6%          2    None
c - Regeneration          Chrm/Necr      ####......   12%         3    ##.....
d - Infusion              Chrm           ####         2%          1    None
e - Song of Slaying       Chrm           ####....     3%          2    None

Your spell library contained the following spells:

 Spells                   Type           Power        Failure   Level  Hunger
 Freeze                   Ice            ###.         7%          1    None
 Ozocubu's Armour         Chrm/Ice       ####....     12%         3    ##.....
 Hailstorm                Conj/Ice       ###.....     54%         4    ####...
 Summon Ice Beast         Ice/Summ       ###.....     54%         4    ####...


Dungeon Overview and Level Annotations

Branches:
Dungeon (9/15)             Temple (1/1) D:5             Orc (0/2) D:9
   Lair: D:8-11

Altars:
Ashenzari
Dithmenos
Elyvilon
Fedhas
Gozag
Hepliaklqana
Kikubaaqudgha
Makhleb
Nemelex Xobeh
Okawaru
Qazlal
Ru
Sif Muna
Trog
Uskayaw
Vehumet
Wu Jian
Xom
Yredelemnul
Zin
The Shining One

Shops:
D:4 !   D:8 *

Annotations:
D:8 1 exclusion


Innate Abilities, Weirdness & Mutations

Your experience applies equally to all skills.
You have very sharp teeth.
Your uncanny sense of smell can sniff out nearby items.


Message History

The wolf bites you!
* * * LOW HITPOINT WARNING * * *
You closely miss the wolf.
The wolf is moderately wounded.
The wolf bites you.
* * * LOW HITPOINT WARNING * * *
The wolf closely misses you. The wolf bites you.
* * * LOW HITPOINT WARNING * * *
Casting: Regeneration (safe; 12% risk of failure)
Confirm with . or Enter, or press ? or * to list all spells.
Your skin crawls.
The wolf bites you.
* * * LOW HITPOINT WARNING * * *
The wolf bites you but does no damage. The wolf misses you.
You hit the wolf but do no damage.
The wolf is poisoned.
The wolf is moderately wounded.
The wolf bites you.
* * * LOW HITPOINT WARNING * * *
The wolf bites you but does no damage. The wolf barely misses you.
The wolf bites you!
You die...

#......). #####..##
#...# ####.... #.....8.
###....... #
#####.÷.......
#####.#####......8....>.
.......@hh..###.........
#####.###h### #.#.......
# #.# #.#.....8. #.##
#.####....
###.###h.####.. .....
..............# ####
.......;......#
.....≈.≈......#
...≈^≈≈.≈≈≈.!.#


You could see 3 wolves.

Vanquished Creatures
  Erica (D:9)
  A two-headed ogre (D:9)
  Pikel (D:8)
  A hornet (D:8)
  A wyvern (D:8)
  Edmund (D:5)
  A slave (D:8)
  3 ice beasts
  5 orc warriors
  3 sky beasts (D:8)
  A phantom (D:9)
  2 ogres
  A wolf (D:9)
  A centaur (D:8)
  2 bullfrogs
  4 scorpions
  4 killer bees (D:7)
  6 crimson imps
  4 hounds
  A jelly (D:4)
  A bullfrog skeleton (D:6)
  2 orc priests
  Jessica (D:2)
  An iguana (D:8)
  Natasha (thrice) (D:2)
  5 orc wizards
  A worker ant (D:4)
  A hound zombie (D:7)
  A hound skeleton (D:8)
  2 worker ant zombies
  15 adders
  7 gnolls
  5 shadow imps
  2 oozes
  An adder zombie (D:5)
  2 adder skeletons
  6 worms
  3 dart slugs
  6 leopard geckos
  22 orcs
  3 ball pythons
  7 giant cockroaches
  6 goblins
  13 hobgoblins
  5 jackals
  12 kobolds
  4 quokkas
  8 bats
  4 frilled lizards
  A quokka skeleton (D:5)
  4 rats
198 creatures vanquished.

Vanquished Creatures (others)
  2 slaves (D:8)
  A hound (D:9)
  An orc priest (D:8)
  A jelly (D:8)
  An orc wizard (D:8)
  An orc (D:8)
  7 spectral weapons
14 creatures vanquished.

Grand Total: 212 creatures vanquished

Notes
Turn   | Place    | Note
-------+----------+-------------------------------------------
     0 | D:1      | MoonlitKnight the Gnoll Skald began the quest for the Orb.
     0 | D:1      | Reached XP level 1. HP: 20/20 MP: 6/6
    34 | D:1      | Found a glowing golden altar of the Shining One.
   120 | D:1      | Reached XP level 2. HP: 26/26 MP: 7/7
   288 | D:1      | Reached XP level 3. HP: 22/31 MP: 9/9
   292 | D:1      | Learned a level 2 spell: Shroud of Golubria
   296 | D:1      | Learned a level 3 spell: Regeneration
   300 | D:1      | Learned a level 3 spell: Spectral Weapon
   303 | D:1      | Learned a level 2 spell: Song of Slaying
   395 | D:1      | Reached skill level 5 in Spellcasting
   568 | D:2      | Reached skill level 1 in Invocations
   583 | D:2      | Found an opulent altar of Gozag.
   633 | D:2      | Reached skill level 1 in Short Blades
   633 | D:2      | Reached skill level 1 in Long Blades
   633 | D:2      | Reached skill level 1 in Axes
   633 | D:2      | Reached skill level 1 in Maces & Flails
   633 | D:2      | Reached skill level 1 in Staves
   633 | D:2      | Reached skill level 1 in Slings
   633 | D:2      | Reached skill level 1 in Bows
   633 | D:2      | Reached skill level 1 in Crossbows
   633 | D:2      | Reached skill level 1 in Throwing
   633 | D:2      | Reached skill level 1 in Stealth
   633 | D:2      | Reached skill level 1 in Shields
   633 | D:2      | Reached skill level 1 in Unarmed Combat
   633 | D:2      | Reached skill level 1 in Evocations
   643 | D:2      | Reached XP level 4. HP: 24/38 MP: 11/11
   882 | D:2      | Noticed Natasha
   890 | D:2      | Killed Natasha
   890 | D:2      | Reached skill level 1 in Conjurations
   890 | D:2      | Reached skill level 1 in Hexes
   890 | D:2      | Reached skill level 1 in Summonings
   890 | D:2      | Reached skill level 1 in Necromancy
   890 | D:2      | Reached skill level 1 in Translocations
   890 | D:2      | Reached skill level 1 in Transmutations
   890 | D:2      | Reached skill level 1 in Fire Magic
   890 | D:2      | Reached skill level 1 in Ice Magic
   890 | D:2      | Reached skill level 1 in Air Magic
   890 | D:2      | Reached skill level 1 in Earth Magic
   890 | D:2      | Reached skill level 1 in Poison Magic
  1066 | D:2      | Reached XP level 5. HP: 28/43 MP: 12/12
  1089 | D:2      | Noticed Natasha
  1195 | D:2      | Killed Natasha
  1207 | D:2      | Noticed Natasha
  1213 | D:2      | Killed Natasha
  1249 | D:2      | Noticed Jessica
  1259 | D:2      | Killed Jessica
  1632 | D:2      | Reached XP level 6. HP: 47/50 MP: 10/13
  2448 | D:3      | Found a burning altar of Makhleb.
  2592 | D:3      | Reached skill level 5 in Fighting
  2592 | D:3      | Reached skill level 5 in Polearms
  2592 | D:3      | Reached skill level 5 in Dodging
  2625 | D:3      | Found a shimmering blue altar of Sif Muna.
  2625 | D:3      | Found an ancient bone altar of Kikubaaqudgha.
  3735 | D:4      | Reached XP level 7. HP: 51/56 MP: 15/15
  3996 | D:4      | Found a radiant altar of Vehumet.
  4090 | D:4      | Found Eshyegod's Distillery.
  4680 | D:5      | Entered Level 5 of the Dungeon
  4791 | D:5      | Noticed Edmund
  4812 | D:5      | Killed Edmund
  4957 | D:5      | Found a staircase to the Ecumenical Temple.
  4995 | Temple   | Entered the Ecumenical Temple
  5226 | D:5      | Found a glowing golden altar of the Shining One.
  5399 | D:5      | Reached XP level 8. HP: 63/63 MP: 12/16
  5504 | D:5      | Noticed a moth of wrath
  5507 | D:5      | Found a bloodstained altar of Trog.
  6969 | D:7      | Found a shimmering altar of Xom.
  6970 | D:7      | Found a sparkling altar of Nemelex Xobeh.
  6979 | D:7      | Reached XP level 9. HP: 63/69 MP: 6/18
  7008 | D:7      | Found an iron altar of Okawaru.
  7628 | D:8      | Noticed Pikel
  7646 | D:8      | Killed Pikel
  7652 | D:8      | Reached skill level 5 in Armour
  7764 | D:8      | Found Egiotemeg's Assorted Antiques.
  7875 | D:8      | Upgraded the game from 0.25-a0-317-g5f8687bca5 to
                  | 0.25-a0-338-ge4dd1522aa
  7890 | D:8      | Reached skill level 5 in Invocations
  8025 | D:8      | Noticed a +0 hand axe
  8026 | D:8      | Found a hide-covered altar of Uskayaw.
  8033 | D:8      | Noticed a +0 hand axe
  8083 | D:7      | Became a worshipper of Warmaster Okawaru
  8213 | D:8      | Noticed a hornet
  8227 | D:8      | Paralysed by a hornet for 2 turns
  8228 | D:8      | Killed a hornet
  8228 | D:8      | Reached XP level 10. HP: 38/77 MP: 14/20
  8757 | D:9      | Found a shattered altar of Ashenzari.
  8799 | D:9      | Noticed Erica
  8815 | D:9      | Noticed a two-headed ogre
  8832 | D:9      | Killed Erica
  8832 | D:9      | Reached * piety under Okawaru
  8832 | D:9      | Reached skill level 5 in Short Blades
  8832 | D:9      | Reached skill level 5 in Long Blades
  8832 | D:9      | Reached skill level 5 in Axes
  8832 | D:9      | Reached skill level 5 in Maces & Flails
  8832 | D:9      | Reached skill level 5 in Staves
  8832 | D:9      | Reached skill level 5 in Slings
  8832 | D:9      | Reached skill level 5 in Bows
  8832 | D:9      | Reached skill level 5 in Crossbows
  8832 | D:9      | Reached skill level 5 in Throwing
  8832 | D:9      | Reached skill level 5 in Stealth
  8832 | D:9      | Reached skill level 5 in Shields
  8832 | D:9      | Reached skill level 5 in Unarmed Combat
  8832 | D:9      | Reached skill level 5 in Evocations
  8840 | D:9      | HP: 1/77 [two-headed ogre/+0 giant spiked club (4)]
  8852 | D:9      | Killed a two-headed ogre
  8852 | D:9      | Reached ** piety under Okawaru
  9190 | D:9      | Found a staircase to the Orcish Mines.
  9349 | D:9      | HP: 3/79 [wolf (6)]
  9350 | D:9      | Slain by a wolf

Levels and vault maps discovered:
D:1:      dpeg_arrival_pond, layout_rooms, st_stairs_9, tso_metal_star
D:2:      wander_river, layout_rooms, nicolae_gozag_seed_capital,
          chequers_serial_rivers_micro_b, st_stairs_3, minmay_strange_pillars,
          uniq_jessica, uniq_natasha
D:3:      layout_loops_corners, old_standard_altar,
          gammafunk_temple_overflow_elements
D:4:      minmay_evil_eye, layout_cave_pods, kennysheep_little_box,
          serial_shops, shop, first_ration
D:5:      layout_gridville, kennysheep_mini_moat, tgw_trog, temple_pool_b,
          uniq_edmund
D:6:      layout_rooms
D:7:      layout_basic, overflow_temple_1_default,
          nemelex_xobeh_ov_fountains_minmay, okawaru_gym_becter
D:8:      layout_cave_pools, dancing_weapons_uskayaw, serial_shops, shop_statue,
          hangedman_pestilent_swarm, sigmund_army, uniq_pikel
D:9:      layout_roguey, lemuel_coloured_pillars_altar,
          cheibrodos_ashenzari_chains, erik_lair_island, david_orc_2, uniq_erica
Temple:   dpeg_three_leaves_temple

Skill      XL: |  1  2  3  4  5  6  7  8  9 10 |
---------------+-------------------------------+-----
Spellcasting   | 5 6 7 |  7.4
Invocations    | 1 2 3 4 5 |  5.9
Short Blades   | 1 2 3 4 5 |  5.3
Long Blades    | 1 2 3 4 5 |  5.3
Axes           | 1 2 3 4 5 |  5.3
Maces & Flails | 1 2 3 4 5 |  5.3
Staves         | 1 2 3 4 5 |  5.3
Slings         | 1 2 3 4 5 |  5.3
Bows           | 1 2 3 4 5 |  5.3
Crossbows      | 1 2 3 4 5 |  5.3
Throwing       | 1 2 3 4 5 |  5.3
Stealth        | 1 2 3 4 5 |  5.3
Shields        | 1 2 3 4 5 |  5.3
Unarmed Combat | 1 2 3 4 5 |  5.3
Evocations     | 1 2 3 4 5 |  5.3
Conjurations   | 1 2 3 4 |  4.4
Hexes          | 1 2 3 4 |  4.4
Summonings     | 1 2 3 4 |  4.4
Necromancy     | 1 2 3 4 |  4.4
Translocations | 1 2 3 4 |  4.4
Transmutations | 1 2 3 4 |  4.4
Fire Magic     | 1 2 3 4 |  4.4
Ice Magic      | 1 2 3 4 |  4.4
Air Magic      | 1 2 3 4 |  4.4
Earth Magic    | 1 2 3 4 |  4.4
Poison Magic   | 1 2 3 4 |  4.4
Armour         | 3 4 5 6 |  6.0
Fighting       | 5 6 7 |  7.1
Polearms       | 5 6 7 |  7.1
Dodging        | 5 6 7 |  7.1
Charms         | 6 7 |  7.1

Action                   |  1- 3 |  4- 6 |  7- 9 | 10-12 || total
-------------------------+-------+-------+-------+-------++-------
Melee: Spear             |    65 |   208 |   406 |   118 ||   797
       Bite              |     3 |    19 |    48 |     9 ||    79
       Punch             |       |     2 |     5 |     2 ||     9
 Fire: Hunting sling     |     8 |       |     3 |       ||    11
Throw: Dart              |       |     3 |     9 |       ||    12
 Cast: Spectral Weapon   |       |    12 |    28 |     8 ||    48
       Shroud of Golubri |       |     2 |     4 |       ||     6
       Regeneration      |       |       |     5 |     5 ||    10
  Use: Scroll            |       |       |     7 |     3 ||    10
       Potion            |       |       |     2 |     1 ||     3
 Stab: Sleeping          |     2 |     4 |     2 |       ||     8
       Distracted        |     1 |     2 |     5 |       ||     8
  Eat: Chunk             |       |    10 |    10 |     1 ||    21
       Ration            |       |       |     2 |     1 ||     3
Armor: Leather armour    |     7 |    30 |       |       ||    37
       Ring mail         |       |    11 |   115 |       ||   126
       Skin              |       |       |    26 |       ||    26
       Scale mail        |       |       |    39 |    22 ||    61
Dodge: Dodged            |    28 |   101 |   232 |    64 ||   425

Table legend:
 A = Non-vault XP
 B = Vault XP
 C = Vault XP percentage of total XP
 D = Non-vault monster count
 E = Vault monster count
 F = Vault count percentage of total count
                 A         B        C        D         E       F
            +---------+---------+-------+---------+---------+-------
      Total |    5252 |    2349 |  30.9 |     165 |      33 |  16.7
            +---------+---------+-------+---------+---------+-------
        D:1 |      47 |       5 |   9.6 |      15 |       3 |  16.7
        D:2 |     239 |      87 |  26.7 |      24 |       4 |  14.3
        D:3 |      99 |       0 |   0.0 |      26 |       0 |   0.0
        D:4 |     214 |      33 |  13.4 |      11 |       1 |   8.3
        D:5 |     437 |     175 |  28.6 |      14 |       6 |  30.0
        D:6 |     922 |       0 |   0.0 |      21 |       0 |   0.0
        D:7 |     421 |       0 |   0.0 |      14 |       0 |   0.0
        D:8 |    1554 |     641 |  29.2 |      25 |       7 |  21.9
        D:9 |    1319 |    1408 |  51.6 |      15 |      12 |  44.4
            +---------+---------+-------+---------+---------+-------
